 Dungeon Crawl Stone Soup version 0.29-a0-275-g389c0b56f3 (webtiles) character file.

Game seed: 11006497114405061997

59 bande the Covered (level 4, -4/29 HPs)
             Began as a Gargoyle Fighter on Mar 10, 2022.
             Engulfed by a steam dragon's steam (9 damage)
             ... on level 3 of the Dungeon.
             The game lasted 00:03:39 (3306 turns).

bande the Covered (Gargoyle Fighter)                Turns: 3306, Time: 00:03:40

Health: -4/29      AC: 10    Str: 19    XL:     4   Next: 3%
Magic:  4/4        EV:  5    Int:  9    God:
Gold:   104        SH: 12    Dex: 11    Spells: 3/3 levels left

rFire   . . .      SeeInvis .   a - +0 war axe
rCold   . . .      Faith    .   h - +0 tower shield
rNeg    + . .      Spirit   .   b - +0 scale mail
rPois   ∞          Reflect  .   (no helmet)
rElec   +          Harm     .   (no cloak)
rCorr   .          Rampage  .   (no gloves)
Will    .....                   (no boots)
Stlth   ..........              (no amulet)
HPRegen 0.09/turn               (no ring)
MPRegen 0.09/turn               (no ring)

@: no status effects
A: sickness immunity, AC +3, negative energy resistance 1, electricity
resistance, torment resistance 1, petrification resistance
a: no special abilities


You were on level 3 of the Dungeon.
You visited 1 branch of the dungeon, and saw 3 of its levels.

You collected 104 gold pieces.

Inventory:

Hand Weapons
 a - a +0 war axe (weapon)
 i - a +0 flail
Armour
 b - a +0 scale mail (worn)
 h - a +0 tower shield (worn)
Wands
 j - a wand of polymorph (9)
Scrolls
 c - a scroll of magic mapping
 e - a scroll of teleportation
 k - a scroll of identify
Potions
 d - a potion of might
 f - a potion of berserk rage
 g - a potion of invisibility {unknown}


   Skills:
 + Level 3.7 Fighting
 + Level 2.5 Axes
 + Level 3.9 Armour
 + Level 3.8 Shields


You had 3 spell levels left.
You didn't know any spells.
Your spell library contained the following spells:

 Spells                   Type           Power      Damage    Failure   Level
 Animate Skeleton         Necr           0%         N/A       100%        1
 Apportation              Tloc           0%         N/A       100%        1
 Summon Small Mammal      Summ           0%         N/A       100%        1
 Call Canine Familiar     Summ           0%         N/A       100%        3
 Summon Guardian Golem    Hex/Summ       0%         N/A       100%        3


Dungeon Overview and Level Annotations

Branches:
Dungeon (3/15)

Altars:
Cheibriados
Elyvilon
Hepliaklqana
Nemelex Xobeh
Trog
Wu Jian
Xom
Zin


Innate Abilities, Weirdness & Mutations

You are immune to sickness and miasma.
Your stone body is resilient. (AC +3)
You are immune to poison.
You resist negative energy. (rN+)
You are resistant to electric shocks. (rElec)
You are resistant to unholy torment.
You are immune to petrification.


Message History

The steam dragon hisses angrily.
No target in view!
No target in view!
No target in view!
No target in view!
A steam dragon is nearby!
You slash the steam dragon!
The steam dragon is moderately wounded.
You block the steam dragon's attack.
The steam dragon claws you but does no damage.
You hit the steam dragon.
The steam dragon is moderately wounded.
The steam dragon breathes steam at you. The ball of steam hits you!
The steam dragon closely misses you. You block the steam dragon's attack.
You hit the steam dragon.
The steam dragon is heavily wounded.
You are engulfed in a cloud of scalding steam.
The steam dragon bites you.
The steam dragon claws you but does no damage.
You block the steam dragon's attack. The steam dragon completely misses you.
You are too injured to fight recklessly!
You are too injured to fight recklessly!
You are too injured to fight recklessly!
You are too injured to fight recklessly!
You are too injured to fight recklessly!
You are too injured to fight recklessly!
You are too injured to fight recklessly!
Unknown command.
You block the steam dragon's attack.
The steam dragon claws you but does no damage.
You slash the steam dragon!
The steam dragon is almost dead.
The steam dragon breathes steam at you. The ball of steam hits you!
* * * LOW HITPOINT WARNING * * *
You barely miss the steam dragon.
The steam dragon is almost dead.
You are engulfed in a cloud of scalding steam.
You die...

.# ....# . ....# .. #.
.#.#.#.♣ #♣#♣.♣
..##.#.#.#.. .....
###.#....#.#.♣#♣.♣.♣.♣
..........#.#.##D....#.#
.##......##.#...@......#
........###.#..#§....###
................§....#
.....)†.#...#..#######
.##............###
.##...#............
....########......#
.##......###.#.##.#
#..._...##.#.# .#


You could see a steam dragon (catching breath).

Vanquished Creatures
  An adder (D:3)
  A worm (D:2)
  2 orcs (D:3)
  3 endoplasms (D:1)
  A giant cockroach (D:2)
  4 goblins
  3 hobgoblins (D:1)
  3 jackals (D:3)
  5 kobolds (D:1)
  3 quokkas (D:1)
  A ball python (D:2)
  10 bats
  A frilled lizard (D:1)
  4 rats
42 creatures vanquished.

Notes
Turn   | Place    | Note
-------+----------+-------------------------------------------
     0 | D:1      | bande the Gargoyle Fighter began the quest for the Orb.
     0 | D:1      | Reached XP level 1. HP: 14/14 MP: 1/1
   411 | D:1      | Reached XP level 2. HP: 19/19 MP: 2/2
   557 | D:1      | You fall into a shaft and drop 1 floor!
  1185 | D:1      | Reached XP level 3. HP: 23/23 MP: 3/3
  3222 | D:3      | Found a hazy altar of Hepliaklqana.
  3222 | D:3      | Found an ornate altar of the Wu Jian Council.
  3228 | D:3      | Found a shimmering altar of Xom.
  3229 | D:3      | Found a glowing silver altar of Zin.
  3236 | D:3      | Found a snail-covered altar of Cheibriados.
  3238 | D:3      | Found a bloodstained altar of Trog.
  3238 | D:3      | Found a white marble altar of Elyvilon.
  3244 | D:3      | Found a sparkling altar of Nemelex Xobeh.
  3267 | D:3      | Reached XP level 4. HP: 27/29 MP: 4/4
  3297 | D:3      | Noticed a steam dragon
  3306 | D:3      | Engulfed by a steam dragon's steam

Illustrated notes

Levels and vault maps discovered:
D:1:      lemuel_arrival_rhombus, layout_basic, bh_walls_and_bars
D:2:      layout_basic
D:3:      layout_loops_ring, nicolae_overflow_hallway_of_the_gods,
          ebering_ghost_sewer_d, serial_forest, infiniplex_forest_lined_3,
          infiniplex_forest_diagonal, infiniplex_forest_lined_3_way,
          infiniplex_forest_clump_tiny, infiniplex_forest_3_way,
          infiniplex_forest_lined_2, infiniplex_forest_lined_3

Skill      XL: |  1  2 |
---------------+-------+-----
Axes           | 2 |  2.5
Fighting       | |  3.7
Armour         | |  3.9
Shields        | |  3.8

Action                   |  1- 3 |  4- 6 || total
-------------------------+-------+-------++-------
Melee: War axe           |   126 |     5 ||   131
  Use: Scroll            |     5 |       ||     5
Armor: Scale mail        |    86 |     4 ||    90
Dodge: Dodged            |    42 |     2 ||    44
Block: Buckler           |     5 |       ||     5
       Tower shield      |    84 |     4 ||    88

Table legend: (Time is in decaauts)
 A = Elapsed time spent in this place.
 B = Non-inter-level travel time spent in this place.
 C = Inter-level travel time spent in this place.
 D = Time resting spent in this place.
 E = Time spent auto-exploring this place.
 F = Levels seen in this place.
 G = Mean time per level.
                   A        B        C        D        E       F      G
               +--------+--------+--------+--------+--------+-----+--------+
         Total |   3394 |   3204 |    190 |   1073 |   1701 |   3 | 1131.3 |
       Dungeon |   3394 |   3204 |    190 |   1073 |   1701 |   3 | 1131.3 |
               +--------+--------+--------+--------+--------+-----+--------+

Top non-repeatable levels by time:
     D:2: 1759 daAuts
     D:1: 1335 daAuts
     D:3: 299 daAuts
